 Dungeon Crawl Stone Soup version 0.28-a0-1182-g381e24db82 (webtiles) character file.

Game seed: 6304699243022307078

401 bearlyready the Destroyer (level 6, -5/45 HPs)
             Began as a Draconian Conjurer on Dec 16, 2021.
             Killed by divine providence
             ... invoked by an orc priest
              (10 damage)
             ... on level 4 of the Dungeon.
             The game lasted 00:07:02 (5539 turns).

bearlyready the Destroyer (Draconian Conjurer)      Turns: 5539, Time: 00:07:03

Health: -5/45      AC:  9    Str: 10    XL:     6   Next: 54%
Magic:  2/9        EV: 12    Int: 26    God:
Gold:   197        SH:  0    Dex:  9    Spells: 2/9 levels left

rFire   . . .      SeeInvis .   a - +0 short sword (vamp)
rCold   . . .      Faith    .   (no shield)
rNeg    . . .      Spirit   .   (armour unavailable)
rPois   .          Reflect  .   u - +1 hat
rElec   .          Harm     .   (no cloak)
rCorr   .          Rampage  .   r - +0 pair of gloves
Will    .....                   p - +0 pair of boots
Stlth   ++........              (no amulet)
HPRegen 0.15/turn               k - +6 ring of intelligence
MPRegen 0.11/turn               (no ring)

@: no status effects
A: AC +6, unfitting armour, cold-blooded
a: no special abilities


You were on level 4 of the Dungeon.
You visited 1 branch of the dungeon, and saw 5 of its levels.

You collected 197 gold pieces.

Inventory:

Hand Weapons
 a - a +0 vampiric short sword (weapon)
 n - a +0 whip of pain
 o - a +1 spear of freezing
 w - a +3 mace
Missiles
 d - 3 javelins
 e - 5 poisoned darts (quivered)
Armour
 p - a +0 pair of boots (worn)
 r - a +0 pair of gloves (worn)
 u - a +1 hat (worn)
Magical Staves
 g - a staff of cold
Jewellery
 k - a +6 ring of intelligence (left hand)
Scrolls
 b - a scroll of silence {unknown}
 c - 4 scrolls of teleportation
 f - a scroll of enchant weapon
 i - a scroll of fear {unknown}
 l - 3 scrolls of vulnerability
 s - a scroll of immolation {unknown}
 v - a scroll of holy word {unknown}
Potions
 h - 2 potions of brilliance
 j - 2 potions of mutation {unknown}
 m - a potion of heal wounds {unknown}
 q - a potion of cancellation {unknown}
 t - a potion of invisibility


   Skills:
 - Level 1.7 Dodging
 - Level 1.7 Stealth
 - Level 2.0 Spellcasting
 + Level 8.0 Conjurations


You had 2 spell levels left.
You knew the following spells:

 Your Spells              Type           Power      Damage    Failure   Level
a - Magic Dart            Conj           100%       1d8       1%          1
b - Searing Ray           Conj           88%        2d7       1%          2
c - Iskenderun's Mystic   Conj/Tloc      23%        2d6       21%         4

Your spell library contained the following spells:

 Spells                   Type           Power      Damage    Failure   Level
 Slow                     Hex            8%         N/A       11%         1
 Dazzling Flash           Conj/Hex       46%        N/A       6%          3
 Fulminant Prism          Conj/Hex       11%        3d9       21%         4
 Confusing Touch          Hex            2%         N/A       30%         3
 Vampiric Draining        Necr           2%         2d6       30%         3


Dungeon Overview and Level Annotations

Branches:
Dungeon (5/15)
 Temple: D:4-7

Altars:

Annotations:
D:5 Eustachio


Innate Abilities, Weirdness & Mutations

Your plain brown scales are hard. (AC +6)
You cannot fit into any form of body armour.
You are cold-blooded and may be slowed by cold attacks.


Message History

You closely miss the orc priest. The orc priest misses you.
You hit the orc priest.
The orc priest is lightly wounded.
The orc priest misses you.
You hit the orc priest.
You feel better.
The orc priest is moderately wounded.
The orc priest hits you with a +0 hand axe.
You hit the orc priest.
You feel better.
You tail-slap the orc priest, but do no damage.
The orc priest is heavily wounded.
The orc priest hits you but does no damage.
You closely miss the orc priest.
The orc priest is heavily wounded.
The orc priest hits you with a +0 hand axe.
The orc priest hits you but does no damage.
You closely miss the orc priest.
The orc priest is heavily wounded.
The orc priest barely misses you.
You closely miss the orc priest.
The orc priest is heavily wounded.
The orc priest calls down the wrath of Beogh upon you.
Beogh smites you!
You hit the orc priest but do no damage.
The orc priest is heavily wounded.
The orc priest calls down the wrath of Beogh upon you.
Beogh smites you!
* * * LOW HITPOINT WARNING * * *
You hit the orc priest but do no damage.
You tail-slap the orc priest, but do no damage.
The orc priest is heavily wounded.
The orc priest hits you but does no damage.
Okay, then.
You hit the orc priest but do no damage.
The orc priest is heavily wounded.
The orc priest hits you but does no damage.
You closely miss the orc priest.
The orc priest is heavily wounded.
The orc priest calls down the wrath of Beogh upon you.
Beogh smites you!
You die...

#####.## #............. #..#
##............# ##.#
#............## ###########.##
#............##
#.........##.### ##......<....#
##.........#...####..........##
#...............###.........#
##...........##............##
##..........o@###.........#
#...........## ####.<...##
##.........## ####...####
##.......## ###..... ##.....##
####.. ##...## ###. ##..# #...
#..# #... ##.## ##..


You could see an orc priest.

Vanquished Creatures
  A necrophage (D:4)
  A howler monkey (D:4)
  A jelly (D:4)
  A centaur skeleton (D:4)
  An orc priest (D:5)
  Terence (D:3)
  A hound skeleton (D:4)
  Robin (D:2)
  3 gnolls (D:3)
  An adder (D:4)
  2 worms
  A dart slug (D:1)
  3 orcs (D:5)
  5 ball pythons
  7 endoplasms
  7 giant cockroaches
  19 goblins
  8 hobgoblins
  4 jackals (D:2)
  9 kobolds
  A quokka (D:4)
  3 bats
  2 frilled lizards
  6 rats
89 creatures vanquished.

Notes
Turn   | Place    | Note
-------+----------+-------------------------------------------
     0 | D:1      | bearlyready the Draconian Conjurer began the quest for the
                  | Orb.
     0 | D:1      | Reached XP level 1. HP: 14/14 MP: 3/3
   344 | D:1      | Reached XP level 2. HP: 8/20 MP: 1/5
   537 | D:1      | Found a faded altar of an unknown god.
   981 | D:2      | Learned a level 2 spell: Searing Ray
  1000 | D:2      | Reached skill level 5 in Conjurations
  1001 | D:2      | Reached XP level 3. HP: 13/26 MP: 1/6
  1257 | D:2      | Noticed Terence
  1909 | D:2      | Noticed Robin
  1929 | D:2      | Killed Robin
  2560 | D:2      | Reached XP level 4. HP: 33/33 MP: 7/7
  2956 | D:3      | Reached skill level 6 in Conjurations
  3470 | D:3      | Killed Terence
  3471 | D:3      | Reached XP level 5. HP: 8/38 MP: 1/8
  4129 | D:4      | Learned a level 4 spell: Iskenderun's Mystic Blast
  4604 | D:4      | Noticed a necrophage
  4614 | D:4      | Killed a necrophage
  4615 | D:4      | Reached skill level 7 in Conjurations
  4615 | D:4      | Reached XP level 6. HP: 45/45 MP: 0/9
  5337 | D:5      | Entered Level 5 of the Dungeon
  5356 | D:5      | Noticed an ice beast
  5446 | D:5      | Reached skill level 8 in Conjurations
  5450 | D:5      | Noticed Eustachio
  5539 | D:4      | Killed from afar by an orc priest

Illustrated notes

Levels and vault maps discovered:
D:1:      beargit_arrival_diablo_church, layout_rooms,
          ebering_ecumenical_altar_mist, minmay_unequal
D:2:      layout_basic, uniq_terence, uniq_robin
D:3:      layout_loops_ring
D:4:      layout_cave_pods
D:5:      layout_rooms, uniq_menkaure, uniq_eustachio

Skill      XL: |  1  2  3  4  5  6 |
---------------+-------------------+-----
Conjurations   | 5 6 7 8 |  8.0
Dodging        | |  1.7
Stealth        | |  1.7
Spellcasting   | |  2.0

Action                   |  1- 3 |  4- 6 || total
-------------------------+-------+-------++-------
Melee: Short sword       |   147 |   111 ||   258
       Unarmed           |     2 |       ||     2
       Tailslap          |    13 |     9 ||    22
Throw: Dart              |       |     3 ||     3
 Cast: Magic Dart        |    10 |     2 ||    12
       Searing Ray       |     3 |    19 ||    22
  Use: Potion            |     1 |     3 ||     4
       Scroll            |       |     4 ||     4
 Stab: Sleeping          |     2 |     4 ||     6
Armor: Skin              |    50 |    49 ||    99
Dodge: Dodged            |   113 |    79 ||   192

Table legend: (Time is in decaauts)
 A = Elapsed time spent in this place.
 B = Non-inter-level travel time spent in this place.
 C = Inter-level travel time spent in this place.
 D = Time resting spent in this place.
 E = Time spent auto-exploring this place.
 F = Levels seen in this place.
 G = Mean time per level.
                   A        B        C        D        E       F      G
               +--------+--------+--------+--------+--------+-----+--------+
         Total |   5571 |   5228 |    343 |    595 |   3756 |   5 | 1114.2 |
       Dungeon |   5571 |   5228 |    343 |    595 |   3756 |   5 | 1114.2 |
               +--------+--------+--------+--------+--------+-----+--------+

Top non-repeatable levels by time:
     D:2: 2136 daAuts
     D:4: 1511 daAuts
     D:3: 1161 daAuts
     D:1: 700 daAuts
     D:5: 61 daAuts
